 Dungeon Crawl Stone Soup version 0.26.0-45-g9c1d065592 (webtiles) character file.

Game seed: 4764961709983597571

39 kaeus the Skirmisher (level 3, -2/29 HPs)
             Began as a Demonspawn Fighter on Jan 29, 2021.
             Slain by an adder (4 damage)
             ... on level 2 of the Dungeon.
             The game lasted 00:00:59 (1465 turns).

kaeus the Skirmisher (Demonspawn Fighter)           Turns: 1465, Time: 00:00:59

Health: -2/29      AC: 11    Str: 17    XL:     3   Next: 28%
Magic:  3/3        EV:  2    Int: 15    God:
Gold:   148        SH:  9    Dex: 12    Spells: 2/2 levels left

rFire    . . .     SeeInvis .   a - +0 war axe
rCold    . . .     Faith    .   c - +0 kite shield
rNeg     . . .     Spirit   .   m - +0 plate armour
rPois    .         Reflect  .   (no helmet)
rElec    .         Harm     .   (no cloak)
rCorr    .         Rampage  .   (no gloves)
Will     .....                  (no boots)
Stlth    ..........             (no amulet)
HPRegen  0.09/turn              f - +6 ring of intelligence
MPRegen  0.08/turn              (no ring)

@: mighty, lethally poisoned (-2 -> -10)
A: powered by pain 1, miasma immunity
a: no special abilities


You were on level 2 of the Dungeon.
You visited 1 branch of the dungeon, and saw 2 of its levels.

You collected 148 gold pieces.

Inventory:

Hand Weapons
 a - a +0 war axe (weapon)
Armour
 c - a +0 kite shield (worn)
 m - a +0 plate armour (worn)
Jewellery
 f - a +6 ring of intelligence (left hand)
 p - a +6 ring of strength {unknown}
Scrolls
 h - 2 scrolls of teleportation {unknown}
 i - a scroll of fear {unknown}
 k - a scroll of enchant weapon {unknown}
 o - a scroll of magic mapping {unknown}
 r - a scroll of immolation {unknown}
 s - a scroll of identify {unknown}
Potions
 b - a potion of heal wounds {unknown}
 e - a potion of degeneration {unknown}
 g - a potion of curing {unknown}
 j - 3 potions of lignification {unknown}
 l - a potion of magic {unknown}
 n - a potion of attraction {unknown}
 q - 2 potions of haste {unknown}


   Skills:
 + Level 3.3 Fighting
 + Level 2.3 Axes
 + Level 3.1 Armour
 + Level 3.0 Shields


You had 2 spell levels left.
You didn't know any spells.
Your spell library was empty.

Dungeon Overview and Level Annotations

Branches:
Dungeon (2/15)

Altars:


Innate Abilities, Weirdness & Mutations

You sometimes gain a little power by taking damage.
You are immune to miasma.


Message History

You feel very mighty all of a sudden. You block the adder's attack.
You completely miss the adder.
The adder is moderately wounded.
* * * LOW HITPOINT WARNING * * *
You feel sick. You block the adder's attack. x2
You take 1 damage, and have 6/29 hp.
You barely miss the adder.
The adder is moderately wounded.
* * * LOW HITPOINT WARNING * * *
You feel sick. The adder bites you.
* * * LOW HITPOINT WARNING * * *
You are more poisoned.
The adder poisons you! The adder bites you but does no damage.
You take 2 damage, and have 4/29 hp.
You barely miss the adder.
The adder is moderately wounded.
* * * LOW HITPOINT WARNING * * *
You feel sick. The adder bites you.
You die...

...##.....#.
#.#
#.#.##.######
............
#.# #.#.##..
............
#.# #.#.##.##
#...........
#.######.#.##+#
#...........
#.#......#..
#.###+###+#.
#........# ...
#.#.####.# ..
#.#.####+#. ..
###@.......
#S.$.....
.........
###.......
....... .......
....... #######


You could see an adder.

Vanquished Creatures
  2 leopard geckos (D:2)
  2 bats (D:1)
  A giant cockroach (D:1)
  7 goblins (D:1)
  5 hobgoblins
  6 jackals
  2 kobolds
  A ball python (D:1)
  3 frilled lizards
  2 rats (D:1)
  A toadstool (D:1)
32 creatures vanquished.

Vanquished Creatures (others)
  3 toadstools (D:1)
3 creatures vanquished.

Grand Total: 35 creatures vanquished

Notes
Turn   | Place    | Note
-------+----------+-------------------------------------------
     0 | D:1      | kaeus the Demonspawn Fighter began the quest for the Orb.
     0 | D:1      | Reached XP level 1. HP: 18/18 MP: 1/1
   201 | D:1      | Gained mutation: You are immune to miasma. [demonic
                  | ancestry]
   201 | D:1      | Reached XP level 2. HP: 24/24 MP: 2/2
  1154 | D:2      | Gained mutation: You sometimes gain a little power by
                  | taking damage. [demonic ancestry]
  1154 | D:2      | Reached XP level 3. HP: 28/29 MP: 3/3
  1465 | D:2      | Slain by an adder

Illustrated notes

Levels and vault maps discovered:
D:1:      ldierk_water_garden, layout_basic, minmay_misc_feat_five, minivault_5
D:2:      layout_basic

Skill      XL: |  1  2 |
---------------+-------+-----
Axes           | 2 |  2.3
Armour         | 3 |  3.1
Shields        | 3 |  3.0
Fighting       | |  3.3

Action                   || total
-------------------------++-------
Melee: War axe           ||    95
  Use: Potion            ||     1
Armor: Scale mail        ||    44
       Plate armour      ||    17
Dodge: Dodged            ||    20
Block: Kite shield       ||    54
